Map: Oxide LE

Players

Ranger

  • Race: Protoss Protoss
  • Spawn Location: 1:00

BlysK - Winner!

  • Race: Protoss Protoss
  • League: Master
  • Spawn Location: 7:00

Event: DreamHack SC2 Masters 2020 Winter

VOD

Have the link to the VOD?

Description

Time

  • Played on: Oct. 17, 2020, 1:12 a.m.
  • Length: 8:03

All games in this series

Show
View Real Time Build Order
Export as new Build Order

Ranger Protoss 

Build Orders:  

Get SALT Encoding   

  12  0:00  Probe  
  13  0:12  Probe  
  14  0:18  Pylon  
  14  0:24  Probe (Chrono Boost)  
  15  0:36  Probe (Chrono Boost)  
  15  0:37  Gateway  
  16  0:45  Probe (Chrono Boost)  
  16  0:46  Assimilator  
  17  0:50  Probe  
  17  0:56  Assimilator  
  18  1:03  Probe (Chrono Boost)  
  20  1:11  Gateway  
  20  1:12  Probe (Chrono Boost)  
  20  1:17  Probe (Chrono Boost)  
  21  1:25  Cybernetics Core  
  21  1:29  Probe  
  22  1:34  Pylon  
  22  1:41  Probe  
  23  1:53  Probe  
  24  2:00  Warp Gate (Chrono Boost)  
  24  2:02  Adept x2  
  24  2:05  Probe  
  29  2:12  Pylon  
  29  2:22  Pylon  
  29  2:32  Adept x2  
  33  2:37  Shield Battery  
  33  2:59  Nexus  
  33  3:06  Adept  
  33  3:11  Adept  
  37  3:18  Pylon  
  37  3:24  Shield Battery  
  37  3:45  Probe  
  38  3:49  Adept x2  
  38  3:51  Robotics Facility  
  42  3:57  Probe  
  43  4:09  Pylon  
  43  4:15  Sentry x2  
  43  4:16  Probe (Chrono Boost)  
  48  4:21  Probe (Chrono Boost)  
  46  4:26  Probe (Chrono Boost)  
  46  4:30  Probe (Chrono Boost)  
  46  4:31  Shield Battery, Probe (Chrono Boost)  
  44  4:39  Sentry  
  44  4:40  Probe  
  44  4:43  Probe, Sentry  
  50  4:52  Probe  
  45  4:53  Immortal (Chrono Boost)  
  45  4:57  Probe  
  48  5:04  Probe  
  48  5:07  Stalker  
  49  5:16  Probe  
  49  5:18  Probe  
  49  5:20  Gateway  
  49  5:23  Twilight Council  
  49  5:28  Probe (Chrono Boost)  
  50  5:31  Observer (Chrono Boost), Probe (Chrono Boost)  
  52  5:37  Stalker  
  52  5:40  Probe (Chrono Boost)  
  52  5:42  Probe (Chrono Boost)  
  56  5:43  Pylon  
  56  5:47  Assimilator  
  56  5:48  Probe (Chrono Boost)  
  56  5:49  Blink  
  57  5:53  Probe  
  58  5:58  Probe  
  59  6:09  Immortal (Chrono Boost)  
  63  6:15  Probe  
  63  6:17  Pylon  
  64  6:29  Pylon, Nexus  
  64  6:34  Probe  
  64  6:35  Probe  
  66  6:41  Forge  
  66  6:45  Immortal (Chrono Boost)  
  70  6:54  Stalker, Pylon  
  72  6:56  Stalker  
  74  7:05  Gateway  
  74  7:11  Stalker  
  74  7:17  Pylon  
  74  7:18  Pylon  
  72  7:26  Probe  
  73  7:30  Probe  
  73  7:35  Gateway  
  65  7:37  Gateway  
  65  7:39  Probe  
  65  7:40  Stalker  
  65  7:43  Pylon  
Show
View Real Time Build Order
Export as new Build Order

BlysK Protoss - Winner!

Build Orders:  

Get SALT Encoding   

  12  0:00  Probe  
  13  0:12  Probe  
  14  0:17  Pylon  
  14  0:24  Probe  
  15  0:35  Gateway  
  15  0:37  Probe (Chrono Boost)  
  16  0:44  Assimilator  
  16  0:47  Probe (Chrono Boost)  
  17  0:52  Probe (Chrono Boost)  
  17  0:55  Assimilator  
  18  1:03  Probe (Chrono Boost)  
  19  1:11  Gateway  
  19  1:16  Probe (Chrono Boost)  
  20  1:23  Cybernetics Core  
  20  1:24  Probe (Chrono Boost)  
  21  1:32  Probe  
  21  1:34  Pylon  
  22  1:44  Probe  
  23  1:56  Probe  
  23  1:58  Warp Gate (Chrono Boost)  
  23  2:00  Stalker x2  
  28  2:08  Probe  
  29  2:15  Pylon  
  29  2:21  Probe  
  30  2:33  Adept x2  
  34  2:53  Nexus  
  34  3:01  Pylon  
  38  3:07  Pylon  
  38  3:11  Sentry x2  
  38  3:12  Probe  
  39  3:23  Shield Battery  
  39  3:30  Twilight Council  
  39  3:33  Probe  
  40  3:45  Stalker  
  40  3:46  Stalker, Probe (Chrono Boost)  
  45  3:54  Pylon  
  46  3:57  Probe (Chrono Boost)  
  46  4:00  Blink (Chrono Boost)  
  46  4:02  Probe (Chrono Boost)  
  47  4:13  Stalker  
  49  4:18  Pylon  
  46  4:25  Stalker  
  46  4:30  Probe  
  47  4:31  Probe  
  48  4:40  Phoenix  
  48  4:42  Probe  
  48  4:44  Probe  
  49  4:54  Probe  
  49  4:56  Probe  
  47  5:02  Robotics Facility  
  47  5:06  Probe  
  48  5:08  Probe  
  48  5:19  Probe (Chrono Boost)  
  48  5:20  Probe (Chrono Boost)  
  50  5:21  Stalker  
  50  5:22  Stalker  
  54  5:32  Probe (Chrono Boost)  
  56  5:36  Probe (Chrono Boost)  
  56  5:39  Probe (Chrono Boost)  
  58  5:42  Probe (Chrono Boost)  
  58  5:46  Warp Prism (Chrono Boost), Probe  
  59  5:54  Probe  
  62  5:58  Probe  
  62  6:02  Pylon  
  63  6:05  Stalker x2  
  63  6:06  Pylon, Probe  
  63  6:10  Gateway  
  68  6:14  Gateway  
  68  6:17  Probe  
  69  6:19  Assimilator  
  69  6:23  Probe  
  70  6:29  Probe  
  71  6:35  Probe  
  71  6:38  Forge  
  72  6:40  Gateway  
  72  6:43  Stalker  
  72  6:44  Stalker  
  72  6:45  Probe  
  77  6:47  Probe  
  77  6:53  Robotics Bay  
  78  6:57  Probe  
  79  7:18  Stalker x3  
  85  7:28  Stalker  
  83  7:35  Stalker  
  83  7:42  Stalker x3  
  83  7:45  Probe  
  84  7:58  Nexus  
Tags
 
Add a new tag
Caveats
  • Supply blocks, unpowered buildings, or Contaminate may cause inaccurate times.
  • Supply counts are checked every 10 seconds.